 Dungeon Crawl Stone Soup version 0.31.0-32-g396128a36d (webtiles) character file.

Game seed: 504697473406187678

1335 firemarshallily the Trooper (level 8, -2/84 HPs)
             Began as an Oni Wanderer on Apr 4, 2024.
             Was an Initiate of the Shining One.
             Slain by a troll (10 damage)
             ... on level 5 of the Dungeon on Apr 9, 2024.
             The game lasted 00:23:51 (7275 turns).

firemarshallily the Trooper (Oni Wanderer)          Turns: 7275, Time: 00:23:52

Health: -2/84      AC: 10    Str: 23    XL:     8   Next: 61%
Magic:  15/15      EV:  8    Int: 14    God:    the Shining One [......]
Gold:   242        SH: 10    Dex:  9    Spells: 15/17 levels left

rFire   + . .        a - +0 club
rCold   + + .        e - +2 kite shield {AC+3}
rNeg    + . .        c - +2 robe of the Lich-sworn {Dex+4}
rPois   .            (helmet restricted)
rElec   .            d - +1 cloak "Rilef" {rC+}
rCorr   .            (gloves unavailable)
SInv    .            (boots unavailable)
Will    .....        (no amulet)
Stlth   +            u - ring of positive energy
HPRegen 0.34/turn    w - ring of protection from cold
MPRegen 0.14/turn

%: no passive effects
@: glowing
A: large, unfitting armour, horns 1, tough skin 1, double potion healing,
drunken brawling, fire resistance 1, strong 1
a: Renounce Religion


You were on level 5 of the Dungeon.
You worshipped the Shining One.
The Shining One was noncommittal.
You visited 2 branches of the dungeon, and saw 6 of its levels.

You collected 242 gold pieces.

Inventory:

Hand Weapons
 a - a +0 club (weapon)
Missiles
 n - 2 javelins
 v - 7 poisoned darts
Armour
 c - the +2 robe of the Lich-sworn (worn) {Dex+4}
   (You acquired it on level 4 of the Dungeon)

   Dex+4:     It affects your dexterity (+4).
 d - the +1 cloak "Rilef" (worn) {rC+}
   (You acquired it on level 4 of the Dungeon)

   rC+:       It protects you from cold.
 e - a +2 kite shield of protection (worn)
Jewellery
 i - a ring of wizardry
 u - a ring of positive energy (left hand)
 w - a ring of protection from cold (right hand)
 A - a ring of flight
Wands
 g - a wand of flame (14)
Scrolls
 b - 3 scrolls of fog
 j - a scroll of torment
 k - a scroll of amnesia
 m - a scroll of fear
 p - a scroll of vulnerability
Potions
 h - 3 potions of attraction
 t - a potion of invisibility


   Skills:
 + Level 6.5 Fighting
 + Level 4.2 Maces & Flails
 + Level 5.5 Shields
 + Level 5.0 Spellcasting
 + Level 4.1 Earth Magic
 - Level 1.5 Evocations


You had 15 spell levels left.
You knew the following spells:

 Your Spells              Type           Power      Damage    Failure   Level
a - Sandblast             Erth           30%        2d9       6%          1
b - Shock                 Conj/Air       12%        1d3       34%         1

Your spell library contained the following spells:

 Spells                   Type           Power      Damage    Failure   Level
 Summon Small Mammal      Summ           12%        N/A       34%         1
 Stone Arrow              Conj/Erth      18%        3d8       41%         3
 Call Canine Familiar     Summ           3%         N/A       71%         3
 Swiftness                Air            3%         N/A       71%         3
 Airstrike                Air            1%         2d(1-17)  98%         4
 Summon Blazeheart Golem  Fire/Summ      3%         N/A       98%         4


Dungeon Overview and Level Annotations

Branches:
Dungeon (5/15)             Temple (1/1) D:4

Altars:
Ashenzari
Cheibriados
Dithmenos
Elyvilon
Fedhas
Hepliaklqana
Kikubaaqudgha
Nemelex Xobeh
Okawaru
Qazlal
Ru
Sif Muna
Trog
Uskayaw
Vehumet
Xom
Yredelemnul
The Shining One

Portals:
Abyss: D:4

Annotations:
D:4 2 transporters, Eustachio; Traejeek's ghost, amateur DrMo
D:5 4 runed translucent doors


Innate Abilities, Weirdness & Mutations

You are too large for most types of armour.
You have a pair of small horns on your head.
You have tough skin. (AC +1)
You gain doubled healing and magic from potions.
Whenever you drink a healing potion, you attack all around you.
Your flesh is heat resistant. (rF+)
Your muscles are strong. (Str +4, Int/Dex -1)


Message History

You closely miss the hound. You headbutt the hound.
You kill the hound!
You block the phantom's attack.
You hit the phantom. You headbutt the phantom.
The phantom is severely damaged.
You block the phantom's attack.
You hit the phantom.
The phantom is almost destroyed.
The phantom hits you.
You hit the phantom.
The phantom is almost destroyed.
The phantom hits you but does no damage.
You barely miss the phantom.
The phantom is almost destroyed.
The phantom hits you but does no damage. x2
You hit the phantom.
You destroy the phantom!
The Shining One accepts your kill.
Your Spellcasting skill increases to level 5!
Okay, then.
The air fills with toxic fumes!
As you read the scroll labelled FOOZAC ANEASOU, it crumbles to dust.
It was a scroll of poison.
You block the troll's attack. The troll closely misses you.
The troll claws you.
You hit the troll but do no damage. You block the troll's attack.
The troll claws you.
* * * LOW HITPOINT WARNING * * *
You block the troll's attack.
You hit the troll.
The troll is lightly wounded.
You block the troll's attack. The troll claws you!
* * * LOW HITPOINT WARNING * * *
The troll claws you.
* * * LOW HITPOINT WARNING * * *
You hit the troll but do no damage. The troll barely misses you.
You block the troll's attack. The troll claws you.
* * * LOW HITPOINT WARNING * * *
You barely miss the troll. You block the troll's attack.
The troll closely misses you. The troll barely misses you. The troll bites you!
You die...

#........# #.##..##.#####..#.##
#####....# #........# #......
#....######.....### #....{.
#.................# #.....(
#....###..######..#####......
##....# #.##.h§.##....##......
##.....###.#§####.#..#.........
#..........#§T#§#.#...#........
#...##++##.')#@# .#.#.#...##.#
#..##8Yo8####### .#.......##.#
#..#8....8# ##.......>..##
#..#)....[# #........##...
#..#|....$# ######........##.#.
#..#8!...8# #[.#.##.......##.##
#(.##8..8#####.##.#.......##>##
#...##++##.'.##.#.#.########...
#.#........##.#...#.### ##.#


You could see a troll.

Vanquished Creatures
  Sigmund (D:5)
  A water moccasin (D:5)
  2 black bears
  An ice beast (D:5)
  An ogre (D:4)
  3 phantoms
  A kobold brigand (D:5)
  A howler monkey (D:5)
  A hound (D:5)
  2 jellies
  3 bombardier beetles
  An orc priest (D:3)
  An iguana (D:5)
  A gnoll (D:1)
  5 adders
  5 dart slugs
  2 ribbon worms
  6 orcs
  5 bats
  8 endoplasms
  5 giant cockroaches
  2 goblins
  8 hobgoblins
  2 quokkas
  5 ball pythons
  8 frilled lizards
  9 kobolds
  4 rats
94 creatures vanquished.

Notes
Turn   | Place    | Note
-------+----------+-------------------------------------------
     0 | D:1      | firemarshallily the Oni Wanderer began the quest for the
                  | Orb.
     0 | D:1      | firemarshallily set off with the following items: a +0
                  | club, a scroll of fog, a scroll of blinking, a +0 robe, a
                  | +0 kite shield of protection; and the following spell
                  | memorised: Sandblast; and the following spells available to
                  | memorise: Stone Arrow.
     0 | D:1      | Reached XP level 1. HP: 22/22 MP: 2/2
   127 | D:1      | Reached skill level 3 in Fighting
   127 | D:1      | Reached XP level 2. HP: 13/31 MP: 1/4
   812 | D:1      | Reached XP level 3. HP: 36/37 MP: 3/5
  1382 | D:2      | Found a faded altar of an unknown god.
  1400 | D:2      | Reached skill level 1 in Maces & Flails
  1945 | D:2      | Reached XP level 4. HP: 44/45 MP: 3/7
  2286 | D:3      | Noticed a phantom
  2302 | D:3      | Killed a phantom
  2303 | D:3      | Reached XP level 5. HP: 35/54 MP: 4/8
  2506 | D:3      | Reached skill level 4 in Fighting
  3453 | D:3      | Reached XP level 6. HP: 29/62 MP: 6/10
  3605 | D:4      | Noticed a black bear
  3621 | D:4      | Killed a black bear
  4006 | D:4      | Found a staircase to the Ecumenical Temple.
  4011 | Temple   | Entered the Ecumenical Temple
  4045 | Temple   | Became a worshipper of the Shining One
  4194 | D:4      | Reached XP level 7. HP: 71/71 MP: 8/12
  4343 | D:4      | Found a transporter.
  4383 | D:4      | Reached skill level 5 in Fighting
  4572 | D:4      | Found a transporter.
  4575 | D:4      | Found a one-way gate to the infinite horrors of the Abyss.
  4575 | D:4      | Noticed Traejeek's ghost (amateur DrMo)
  4845 | D:5      | Entered Level 5 of the Dungeon
  5164 | D:5      | Noticed Sigmund
  5443 | D:5      | Noticed Eustachio
  5675 | D:4      | Identified 2 scrolls of acquirement
  5679 | D:4      | Acquired the +2 robe of the Lich-sworn {Dex+4}
  5692 | D:4      | Acquired the +1 cloak "Rilef" {rC+}
  6016 | D:4      | Learned a level 1 spell: Shock
  6473 | D:5      | Noticed a human
  6474 | D:5      | Found a runed translucent door.
  6477 | D:5      | Found a basalt altar of Yredelemnul.
  6478 | D:5      | Gained mutation: Your muscles are strong. (Str +4, Int/Dex
                  | -1) [potion of mutation]
  6478 | D:5      | Gained mutation: Your flesh is heat resistant. (rF+)
                  | [potion of mutation]
  6501 | D:5      | Killed Sigmund
  6502 | D:5      | Reached skill level 5 in Shields
  6709 | D:5      | Found a large runed translucent door.
  6710 | D:5      | Found a large runed translucent door.
  6726 | D:5      | Found an iron altar of Okawaru.
  6732 | D:5      | Reached XP level 8. HP: 80/83 MP: 14/14
  6898 | D:5      | Found a large runed translucent door.
  6898 | D:5      | Found a large runed translucent door.
  6905 | D:5      | Noticed a yak
  6929 | D:5      | Reached skill level 6 in Fighting
  7238 | D:5      | Noticed a troll
  7271 | D:5      | Reached skill level 5 in Spellcasting
  7275 | D:5      | Slain by a troll

Illustrated notes

Levels and vault maps discovered:
D:1:      scummos_arrival_checkerplants, layout_basic, minmay_split_cup_small
D:2:      layout_loops_ring, shapermc_ecumenical_altar_mp_urbaneastern,
          minmay_misc_feat_pillars
D:3:      layout_basic, kennysheep_doodads, hex_large
D:4:      layout_loops_ring, temple_doors_cd, gammafunk_ghost_abyssal_escape,
          minivault_26
D:5:      layout_rooms, dk_yredelemnul_ordeal, kennysheep_little_box,
          minivault_4, minmay_hollow_rounded_squares, uniq_sigmund,
          uniq_eustachio
Temple:   nicolae_temple_elliptical

Skill      XL: |  1  2  3  4  5  6  7  8 |
---------------+-------------------------+-----
Fighting       | 3 4 5 6 |  6.5
Maces & Flails | 1 2 3 4 |  4.2
Spellcasting   | 2 3 4 5 |  5.0
Shields        | 4 5 |  5.5
Earth Magic    | 2 3 4 |  4.1
Evocations     | |  1.5

Action                     |  1- 3 |  4- 6 |  7- 9 || total
---------------------------+-------+-------+-------++-------
  Melee: Club              |    89 |    90 |   303 ||   482
         Headbutt          |     9 |    14 |    69 ||    92
  Throw: Dart              |       |     2 |     2 ||     4
         Javelin           |       |     1 |       ||     1
         Throwing net      |       |       |     1 ||     1
   Cast: Sandblast         |    25 |    51 |    14 ||    90
         Shock             |       |       |     1 ||     1
  Evoke: Wand              |       |       |     4 ||     4
    Use: Scroll            |       |       |    14 ||    14
         Potion            |       |       |    10 ||    10
 Armour: Robe              |    59 |   103 |   374 ||   536
  Dodge: Dodged            |    38 |    26 |   127 ||   191
  Block: Kite shield       |    33 |    47 |   210 ||   290
